Map: Para Site LE

Players

Shofixti

  • Race: Terran Terran
  • League: Platinum
  • Spawn Location: 11:00

SaintSnowmad - Winner!

  • Race: Protoss Protoss
  • League: Platinum
  • Spawn Location: 5:00

VOD

Have the link to the VOD?

Description

Defending PF Cheese

Time

  • Played on: Aug. 24, 2018, 3:47 p.m.
  • Length: 7:42
Show
View Real Time Build Order
Export as new Build Order

Shofixti Terran 

Build Orders:  

Get SALT Encoding   

  12  0:03  SCV  
  13  0:15  SCV  
  13  0:17  Supply Depot  
  14  0:29  SCV  
  14  0:32  Refinery  
  15  0:43  SCV  
  16  0:54  Barracks  
  16  0:56  SCV  
  17  1:29  Command Center  
  17  1:33  SCV  
  18  1:52  SCV  
  19  2:03  Marine  
  20  2:15  Command Center  
  20  2:22  Marine  
  21  2:24  SCV  
  22  2:32  Engineering Bay  
  22  2:38  SCV  
  22  2:41  Marine  
  24  2:44  SCV  
  25  3:10  Planetary Fortress  
  22  3:42  Planetary Fortress  
  22  3:46  Missile Turret  
  22  3:51  Marine  
  21  4:28  Factory  
  21  4:36  Barracks  
  21  4:41  SCV  
  22  4:47  SCV  
  23  4:53  SCV  
  23  4:57  Refinery  
  24  5:05  SCV  
  25  5:10  Refinery  
  25  5:12  Factory Tech Lab  
  25  5:17  SCV  
  26  5:26  Command Center  
  26  5:32  Starport  
  26  5:36  Siege Tank, Missile Turret  
  26  5:40  Marine  
  30  5:45  Supply Depot  
  30  5:52  SCV x2  
  30  5:56  Missile Turret  
  32  5:58  Marine  
  33  6:04  Missile Turret  
  33  6:14  Viking  
  35  6:25  Siege Tank  
  38  6:29  Marine  
  37  6:41  SCV  
  37  6:46  Marine, Command Center  
  39  6:51  Orbital Command  
  39  6:53  SCV  
Show
View Real Time Build Order
Export as new Build Order

SaintSnowmad Protoss - Winner!

Build Orders:  

Get SALT Encoding   

  12  0:01  Probe  
  13  0:13  Probe  
  14  0:17  Pylon  
  14  0:25  Probe  
  15  0:33  Probe  
  15  0:36  Gateway  
  15  0:41  Probe  
  16  0:48  Assimilator  
  17  0:51  Probe  
  18  1:00  Pylon  
  18  1:03  Probe  
  19  1:06  Assimilator  
  19  1:23  Cybernetics Core  
  19  1:26  Probe  
  20  1:33  Gateway  
  20  1:38  Probe  
  21  1:50  Warp Gate, Probe  
  21  1:51  Adept  
  22  1:54  Pylon  
  24  2:05  Probe  
  25  2:16  Stalker  
  27  2:37  Shield Battery  
  27  2:43  Twilight Council  
  27  2:56  Nexus  
  27  3:10  Stalker  
  29  3:20  Stalker  
  27  3:39  Probe  
  28  3:51  Probe, Stalker  
  28  3:55  Gateway  
  30  4:54  Robotics Facility  
  30  4:58  Pylon  
  30  5:00  Pylon  
  30  5:13  Probe  
  31  5:20  Stalker x2  
  35  5:25  Probe  
  36  5:32  Immortal  
  36  5:37  Probe  
  41  5:47  Zealot x3  
  47  6:00  Pylon  
  47  6:08  Immortal  
  51  6:19  Zealot  
  51  6:21  Zealot  
  55  6:43  Pylon  
  47  7:12  Zealot x3  
Tags
 
Add a new tag
Caveats
  • Supply blocks, unpowered buildings, or Contaminate may cause inaccurate times.
  • Supply counts are checked every 10 seconds.